 Dungeon Crawl Stone Soup version 0.30-b1-2-g02819fbbbe (webtiles) character file.

Game seed: 15578837921968366090

567 Alarkh the Shooter (level 7, 54/54 HPs)
             Began as a Demonspawn Hexslinger on July 9, 2023.
             Got out of the dungeon alive.
             The game lasted 00:04:39 (3684 turns).

Alarkh the Shooter (Demonspawn Hexslinger)          Turns: 3684, Time: 00:04:39

Health: 54/54      AC:  5    Str: 10    XL:     7   Next: 11%
Magic:  8/8        EV: 12    Int: 17    God:
Gold:   202        SH:  0    Dex: 13    Spells: 7/8 levels left

rFire   . . .        a - +1 sling
rCold   . . .        (no shield)
rNeg    . . .        c - +0 robe
rPois   .            o - +0 helmet
rElec   .            x - +0 cloak
rCorr   .            (no gloves)
SInv    .            (no boots)
Will    +....        (no amulet)
Stlth   +            h - ring of willpower
HPRegen 0.29/turn    (no ring)
MPRegen 0.11/turn

%: no passive effects
@: no status effects
A: claws 1, demonic guardian 1, spiny 1, sharp scales 1
a: no special abilities


You escaped.
You visited 1 branch of the dungeon, and saw 5 of its levels.

You collected 202 gold pieces.

Inventory:

Hand Weapons
 a - a +1 sling (weapon)
 m - the +1 whip of Devotion {protect, Str+4}
   (You found it on level 3 of the Dungeon)

   Str:       It affects your strength (+4).
Missiles
 l - a throwing net
Armour
 c - a +0 robe (worn)
 o - a +0 helmet (worn)
 x - a +0 cloak (worn)
Jewellery
 h - a ring of willpower (left claw)
Wands
 y - a wand of roots (5)
Scrolls
 b - 2 scrolls of poison
 d - 2 scrolls of fog
 i - a scroll of summoning
 j - a scroll of teleportation
 k - a scroll of blinking
 n - a scroll of magic mapping {unknown}
 p - a scroll of enchant armour {unknown}
 q - a scroll of torment {unknown}
 r - a scroll of noise {unknown}
 w - a scroll of amnesia {unknown}
Potions
 e - a potion of ambrosia
 f - a potion of curing
 g - a potion of degeneration
 s - a potion of might
 t - a potion of lignification
 u - a potion of cancellation
 v - a potion of attraction {unknown}
 z - a potion of mutation {unknown}


   Skills:
 + Level 4.3 Fighting
 * Level 5.9 Ranged Weapons
 - Level 1.7 Dodging
 - Level 1.0 Spellcasting
 - Level 3.0 Hexes


You had 7 spell levels left.
You knew the following spells:

 Your Spells              Type           Power      Damage    Failure   Level
a - Slow                  Hex            44%        N/A       6%          1

Your spell library contained the following spells:

 Spells                   Type           Power      Damage    Failure   Level
 Ensorcelled Hibernation  Hex/Ice        10%        N/A       17%         2
 Magic Dart               Conj           0%         1d3       22%         1
 Sandblast                Erth           0%         2d4       22%         1
 Call Imp                 Summ           0%         N/A       32%         2
 Passwall                 Tmut/Erth      0%         N/A       32%         2
 Inner Flame              Hex/Fire       5%         N/A       34%         3
 Portal Projectile        Hex/Tloc       10%        N/A       34%         3
 Cause Fear               Hex            5%         N/A       52%         4
 Mephitic Cloud           Conj/Pois/Air  0%         N/A       54%         3
 Spider Form              Tmut/Pois      0%         N/A       54%         3
 Stone Arrow              Conj/Erth      0%         3d7       54%         3
 Anguish                  Hex/Necr       2%         N/A       75%         4


Dungeon Overview and Level Annotations

Branches:
Dungeon (5/15)
 Temple: D:4-7

Altars:
Ashenzari
Okawaru
Qazlal
Sif Muna

Annotations:
D:4 2 runed translucent doors, MisterFreud's ghost, amateur FeBe


Innate Abilities, Weirdness & Mutations

You have sharp fingernails.
A weak demonic guardian rushes to your aid.
You are partially covered in sharp spines.
You are partially covered in razor-sharp scales. (AC +1, Slay +1)


Message History

You feel very sick. The scorpion closely misses you.
You shoot a sling bullet. The sling bullet hits the scorpion.
You kill the scorpion!
You feel sick.
You have reached level 7!
Your demonic ancestry asserts itself...
You feel the presence of a demonic guardian.
You feel sick.
You climb upwards.
Level annotation: 2 runed translucent doors, MisterFreud's ghost, amateur FeBe You feel sick.
There is a stone staircase leading down here.
HP restored.
You feel sick.
You feel sick.
There is a stone staircase leading up here.
You feel sick.
You are no longer poisoned.
You climb upwards.
There is a stone staircase leading down here.
There is a stone staircase leading up here.
You climb upwards.
There is a stone staircase leading down here.
HP restored.
You see here a +0 dagger.
You see here a +0 spear.
There is a stone staircase leading up, spattered with blood here.
You climb upwards.
There is a stone staircase leading down here.
Press: ? - help, v - describe, . - travel A stone staircase leading down.
Unknown command.
Unknown command.
Unknown command.
There is an open door here.
You see here a +0 sling.
There is an open door here.
There is a staircase leading out of the dungeon here.
Are you sure you want to leave the Dungeon?
This will make you lose the game!
You have escaped!

.......####.####
#.##..###......
...###.# #.#
#..............
..####.# #.#
#.##.#.##......
....##.####.#
##.#.###.....)..
............#
###..##)#.##......
.##)##.######
#...####.###......
.......# ##'###
### ##.....
.##.#### ###...#
###### ....######
#.'.@.# .#.......#
#.#...# .#.#####.#
##.##+## .#.# #.#
#.....#
#############
.#.#####.# #.#####
#........##..
.......#.# #.###
#.##.###.##>#
...###.#.###...#
#.#.#....##.#
...........#.#.###
#.##.###.....
...###.###..(#...#
#.##.# #.##.#


There were no monsters in sight!

Vanquished Creatures
  Grinder (D:3)
  An ogre (D:4)
  2 scorpions
  A howler monkey (D:4)
  4 gnolls (D:2)
  2 adders
  2 dart slugs (D:1)
  10 bats
  9 endoplasms
  3 giant cockroaches (D:1)
  6 goblins
  6 hobgoblins
  4 quokkas (D:2)
  A ball python (D:4)
  3 frilled lizards
  5 kobolds
  5 rats
65 creatures vanquished.

Vanquished Creatures (collateral kills)
  A ball python (D:2)
1 creature vanquished.

Grand Total: 66 creatures vanquished

Notes
Turn   | Place    | Note
-------+----------+-------------------------------------------
     0 | D:1      | Alarkh the Demonspawn Hexslinger began the quest for the
                  | Orb.
     0 | D:1      | Reached XP level 1. HP: 15/15 MP: 2/2
    99 | D:1      | Reached skill level 2 in Ranged Weapons
   240 | D:1      | Gained mutation: You are partially covered in razor-sharp
                  | scales. (AC +1, Slay +1) [demonic ancestry]
   240 | D:1      | Reached XP level 2. HP: 13/21 MP: 3/3
   786 | D:1      | Reached XP level 3. HP: 27/27 MP: 4/4
  1004 | D:2      | Reached skill level 3 in Ranged Weapons
  1253 | D:2      | Reached XP level 4. HP: 28/33 MP: 5/5
  2452 | D:3      | Noticed Grinder
  2464 | D:3      | Paralysed by Grinder for 3 turns
  2504 | D:3      | Killed Grinder
  2505 | D:3      | Reached skill level 5 in Ranged Weapons
  2505 | D:3      | Gained mutation: You are partially covered in sharp spines.
                  | [demonic ancestry]
  2505 | D:3      | Reached XP level 5. HP: 10/41 MP: 6/6
  2505 | D:3      | Gained mutation: You have sharp fingernails. [demonic
                  | ancestry]
  2505 | D:3      | Reached XP level 6. HP: 12/47 MP: 7/7
  2832 | D:3      | Identified the +1 whip of Devotion {protect, Str+4}
  2841 | D:3      | Found a broken altar of Ashenzari.
  2842 | D:3      | Found an iron altar of Okawaru.
  2959 | D:4      | Found a runed translucent door.
  2964 | D:4      | Noticed MisterFreud's ghost (amateur FeBe)
  3109 | D:4      | Found a runed translucent door.
  3110 | D:4      | Found a stormy altar of Qazlal.
  3343 | D:4      | Found a shimmering blue altar of Sif Muna.
  3566 | D:5      | Entered Level 5 of the Dungeon
  3574 | D:5      | Gained mutation: A weak demonic guardian rushes to your
                  | aid. [demonic ancestry]
  3574 | D:5      | Reached XP level 7. HP: 44/54 MP: 8/8
  3684 | D:$      | Got out of the dungeon alive.

Illustrated notes

Levels and vault maps discovered:
D:1:      dpeg_arrival_tiny_g, layout_loops_corners
D:2:      layout_basic, corexii_leaking_fountain
D:3:      layout_rooms, minitemple, serial_glass, glass_columns_c,
          glass_columns_b, minmay_strange_pillars, item_on_display_a,
          minmay_strange_pillars, uniq_grinder
D:4:      layout_rooms, nicolae_qazlal_eye_of_the_storm,
          mainiacjoe_overflow_24_doors, ebering_ghost_sewer_f
D:5:      layout_loops_ring, nicolae_gozag_seed_capital, uniq_blork_the_orc,
          uniq_sigmund

Skill      XL: |  1  2  3  4  5  6 |
---------------+-------------------+-----
Ranged Weapons | 2 3 5 |  5.9
Fighting       | 2 3 4 |  4.3
Dodging        | |  1.7
Spellcasting   | |  1.0
Hexes          | |  3.0

Action                     |  1- 3 |  4- 6 |  7- 9 || total
---------------------------+-------+-------+-------++-------
  Melee: Sling             |       |     3 |       ||     3
   Fire: Sling             |   112 |   125 |       ||   237
    Use: Scroll            |     3 |     8 |       ||    11
         Potion            |       |     6 |       ||     6
 Armour: Robe              |     7 |     6 |       ||    13
  Dodge: Dodged            |    32 |    23 |       ||    55
